 Dungeon Crawl Stone Soup version 0.20.1-1-g8b1a95d (webtiles) character file.

21949 vineage the Blocker (level 12, -1/107 HPs)
             Began as a Minotaur Fighter on Aug 19, 2017.
             Was a High Priest of Trog.
             Shot with an arrow by Nessos (10 damage)
             ... on level 12 of the Dungeon.
             The game lasted 00:27:14 (10923 turns).

vineage the Blocker (Minotaur Fighter)             Turns: 10923, Time: 00:27:16

Health: -1/107     AC: 14    Str: 25    XL:     12   Next: 58%
Magic:  18/18      EV: 11    Int:  5    God:    Trog [*****.]
Gold:   792        SH:  5    Dex: 15    Spells: 11/11 levels left

rFire    + . .     SeeInvis +   x - +6 battleaxe of Contradiction {freeze, Stlth+}
rCold    x . .     Gourm    .   (shield currently unavailable)
rNeg     . . .     Faith    .   F - +1 chain mail "Doethrour" {Dex+4}
rPois    +         Spirit   .   K - +0 hat {SInv}
rElec    .         Reflect  +   S - scarf {repulsion}
rCorr    .         Harm     .   z - +0 pair of gloves
MR       ++...                  (no boots)
Stlth    ..........             B - +5 amulet of reflection
Regen    1.3/turn               I - ring of magical power
MPRegen  0.2/turn               Q - ring of fire

@: lethally poisoned (-1 -> -16), regenerating, hasted, repel missiles, very
quick
A: retaliatory headbutt, horns 2, talons 1, low mp 1, mutation resistance 1,
poison resistance, screaming 1, wild magic 1
a: Berserk, Trog's Hand, Brothers in Arms, Burn Spellbooks, Renounce Religion


You were on level 12 of the Dungeon.
You worshipped Trog.
Trog was extremely pleased with you.
You were hungry.

You visited 1 branch of the dungeon, and saw 12 of its levels.
You also visited: Ice Cave.

You collected 834 gold pieces.
You spent 42 gold pieces at shops.

Inventory:

Hand Weapons
 x - the +6 battleaxe of Contradiction (weapon) {freeze, Stlth+}
   (You found it in an ice cave)

   It has been specially enchanted to freeze those struck by it, causing extra
   injury to most foes and up to half again as much damage against particularly
   susceptible opponents.
   It can also slow down cold-blooded creatures.
   It makes you more stealthy.
 Z - a +0 glaive of freezing
Armour
 a - a +0 shield of cold resistance
 c - a +0 shield
 z - a +0 pair of gloves (worn)
 F - the +1 chain mail "Doethrour" (worn) {Dex+4}
   (You found it on level 6 of the Dungeon)

   It affects your dexterity (+4).
 K - a +0 hat of see invisible (worn)
 S - a scarf of repulsion (worn)
Jewellery
 B - a +5 amulet of reflection (around neck)
 I - a ring of magical power (left hand)
 Q - a ring of fire (right hand)
 R - an uncursed amulet of guardian spirit {unknown}
 V - an uncursed amulet of guardian spirit {unknown}
Wands
 m - a wand of lightning (7/15)
 r - a wand of polymorph (9/24)
 y - a wand of enslavement (11/24)
 C - a wand of digging (12/24)
 N - a wand of flame (15/48)
 X - a wand of random effects (25/48)
Scrolls
 e - 2 scrolls of teleportation
 g - a scroll of remove curse
 j - a scroll of amnesia {unknown}
 n - 3 scrolls of fear
 o - 2 scrolls of fog {unknown}
 q - a scroll of enchant weapon {unknown}
 s - 4 scrolls of immolation
 v - 2 scrolls of random uselessness {unknown}
 A - a scroll of enchant armour {unknown}
 J - a scroll of torment {unknown}
 M - a scroll of holy word {unknown}
 U - a scroll of acquirement {unknown}
Potions
 d - 2 potions of might
 h - a potion of cancellation
 t - a potion of brilliance
 w - 5 potions of flight
 D - a potion of invisibility
 H - 3 potions of degeneration
 L - 2 potions of lignification
 O - a potion of ambrosia
 W - a potion of magic
 Y - a potion of resistance {unknown}
Comestibles
 i - 4 meat rations
 l - 6 royal jellies
 u - a bread ration
 E - 32 fruits


   Skills:
 + Level 10.5 Fighting
   Level 3.5 Long Blades
 + Level 9.3(12.1) Axes
   Level 5.3(8.1) Maces & Flails
 + Level 11.4(12.6) Polearms
 + Level 10.2 Armour
 + Level 4.5 Dodging
 + Level 2.2 Stealth
 + Level 12.9 Shields


You had 11 spell levels left.
You didn't know any spells.

Dungeon Overview and Level Annotations

Branches:
Dungeon (12/15)            Temple (0/1) D:4            Lair (0/6) D:11
    Orc (0/2) D:12

Altars:
Ashenzari
Cheibriados
Kikubaaqudgha
Sif Muna
Trog
Uskayaw
Yredelemnul

Shops:
D:4 *   D:6 *   D:9 %

Annotations:
D:12 Nessos


Innate Abilities, Weirdness & Mutations

You reflexively headbutt those who attack you in melee.
You have a pair of horns on your head.
You have sharp toenails.
Your magical capacity is low. (-10% MP)
You are somewhat resistant to further mutation.
Your system is resistant to poisons. (rPois)
You occasionally shout uncontrollably at your foes.
Your spells are a little harder to cast, but a little more powerful.


Message History

The arrow burns you.
You are more poisoned.
* * * LOW HITPOINT WARNING * * *
You see here an arrow.
Okay, then.
Your skin crawls.
You feel resistant to hostile enchantments.
You are feeling hungry.
* * * LOW HITPOINT WARNING * * *
You feel sick.
Nessos shoots an arrow.
You reflect the arrow off an invisible shield around you!
The arrow hits Nessos!
The arrow burns Nessos.
Nessos looks as sick as possible!
You slice the orc!! You freeze the orc.
You kill the orc!
Trog accepts your kill.
* * * LOW HITPOINT WARNING * * *
You feel very sick.
Nessos shoots an arrow.
The arrow hits you!
You die...

#. ...... .. #. #......
<.. . #.######......
...... #....((...#
........ . #.........#
........ .. #.........#
####.....# ..##....((...#
#.....8...
.......((..c.###.........
.###(...@..((..(.........
#.(..).)).#..8....>...
#..(...)..##.........)
#.....)...###.........
#...........#.....8...
#......<....####.....#
....#####......##..#.#..
..... #..###.##..#...#
...##. #..# #.##......#


You could see Nessos.

Vanquished Creatures
  A frost giant (IceCv)
  The ghost of tidbits the Martial Artist, a journeyman DgTm (IceCv)
  Harold (D:12)
  2 two-headed ogres
  Urug (D:12)
  The ghost of Feta the Bolt Thrower, a novice FoHu of Makhleb (D:6)
  An ugly thing (D:11)
  A cyclops (D:11)
  An ice statue (IceCv)
  2 rime drakes (D:11)
  2 trolls (D:11)
  14 polar bears (IceCv)
  A hippogriff (D:11)
  Sigmund (D:3)
  A steam dragon (D:11)
  A wyvern (D:11)
  Eustachio (D:5)
  27 yaks
  A hungry ghost (D:8)
  Edmund (D:5)
  2 hell hounds (D:11)
  2 water moccasins
  5 orc warriors
  2 ice beasts
  3 sky beasts
  4 ogres
  10 centaurs (D:11)
  An eye of draining (D:11)
  9 wolves (IceCv)
  A crocodile (D:11)
  2 big kobolds (D:11)
  The ghost of Erac the Firebug, an amateur DEFE (D:3)
  7 bullfrogs
  A wyvern skeleton (D:11)
  2 scorpions
  8 wights
  3 crimson imps
  2 quasits
  2 bullfrog zombies
  4 centaur zombies
  4 jellies
  6 hounds
  7 orc priests
  10 orc wizards
  A centaur skeleton (D:8)
  3 iguanas
  Natasha (D:2)
  7 worker ants
  A worker ant zombie (D:8)
  11 adders
  7 gnolls
  An ooze (D:1)
  2 adder skeletons
  2 worms
  A dart slug (D:4)
  A leopard gecko (D:4)
  50 orcs
  9 giant cockroaches
  5 hobgoblins
  9 jackals
  9 kobolds
  A quokka (D:11)
  A ball python (D:3)
  5 bats
  6 frilled lizards
  6 goblins
  2 quokka skeletons
  3 rats
  A plant (D:11)
305 creatures vanquished.

Vanquished Creatures (others)
  A cyclops (D:11)
  A centaur (D:7)
  A kobold (D:11)
3 creatures vanquished.

Grand Total: 308 creatures vanquished

Notes
Turn   | Place    | Note
-------+----------+-------------------------------------------
     0 | D:1      | vineage the Minotaur Fighter began the quest for the Orb.
     0 | D:1      | Reached XP level 1. HP: 19/19 MP: 0/0
   376 | D:1      | Reached XP level 2. HP: 27/27 MP: 1/1
   740 | D:2      | Reached XP level 3. HP: 29/33 MP: 2/2
   785 | D:2      | Found a shattered altar of Ashenzari.
   832 | D:2      | Reached skill level 4 in Shields
   837 | D:2      | Noticed Natasha
   841 | D:2      | Killed Natasha
   841 | D:2      | Reached XP level 4. HP: 20/41 MP: 3/3
  1302 | D:3      | Noticed Sigmund
  1317 | D:3      | Killed Sigmund
  1317 | D:3      | Reached skill level 5 in Fighting
  1317 | D:3      | Reached XP level 5. HP: 34/48 MP: 4/4
  1333 | D:3      | Reached skill level 5 in Axes
  1344 | D:3      | Reached XP level 6. HP: 38/56 MP: 5/5
  1351 | D:3      | Noticed Erac's ghost (amateur DEFE)
  1366 | D:3      | Killed Erac's ghost
  1634 | D:3      | Reached skill level 5 in Shields
  1858 | D:3      | Reached skill level 1 in Maces & Flails
  1877 | D:3      | Found a bloodstained altar of Trog.
  1887 | D:3      | Became a worshipper of Trog the Wrathful
  1938 | D:3      | Reached XP level 7. HP: 58/61 MP: 6/6
  1994 | D:3      | Reached skill level 5 in Armour
  1994 | D:3      | Reached skill level 1 in Dodging
  2175 | D:4      | HP: 3/61 [orc/whip (4)]
  2178 | D:4      | Reached skill level 1 in Stealth
  2485 | D:4      | Found a staircase to the Ecumenical Temple.
  2712 | D:4      | Found a deep blue altar of Sif Muna.
  2776 | D:4      | Found a snail-covered altar of Cheibriados.
  2983 | D:4      | Found Ybiepn's General Store.
  2986 | D:4      | Bought a scroll of teleportation for 42 gold pieces
  3200 | D:5      | Entered Level 5 of the Dungeon
  3239 | D:5      | Reached * piety under Trog
  3247 | D:5      | Reached XP level 8. HP: 63/70 MP: 7/7
  3307 | D:5      | Noticed Edmund
  3318 | D:5      | Killed Edmund
  3318 | D:5      | Reached skill level 6 in Shields
  3370 | D:5      | Noticed Eustachio
  3380 | D:5      | Killed Eustachio
  3819 | D:6      | Noticed Feta's ghost (novice FoHu)
  3839 | D:6      | Killed Feta's ghost
  3839 | D:6      | Reached skill level 7 in Shields
  3839 | D:6      | Reached XP level 9. HP: 12/79 MP: 8/8
  4367 | D:6      | Found Omacsyza's Serpentskin Sales.
  4378 | D:6      | Reached ** piety under Trog
  4438 | D:6      | Got a bronze chain mail
  4449 | D:6      | Identified the +1 chain mail "Doethrour" {Dex+4} (You found it on level 6 of the Dungeon)
  4489 | D:6      | Found a hide-covered altar of Uskayaw.
  4620 | D:7      | Reached skill level 5 in Maces & Flails
  4733 | D:7      | Reached skill level 8 in Shields
  5032 | D:8      | Gained mutation: You have sharp toenails. [potion of mutation]
  5032 | D:8      | Gained mutation: You occasionally shout uncontrollably at your foes. [potion of mutation]
  5032 | D:8      | Gained mutation: Your system is resistant to poisons. (rPois) [potion of mutation]
  5056 | D:8      | Reached skill level 1 in Polearms
  5076 | D:8      | Gained mutation: Your spells are a little harder to cast, but a little more powerful. [mutagenic meat]
  5077 | D:8      | Gained mutation: You are somewhat resistant to further mutation. [mutagenic meat]
  5164 | D:8      | Reached skill level 5 in Polearms
  5171 | D:8      | Reached *** piety under Trog
  5182 | D:8      | Gained mutation: Your magical capacity is low. (-10% MP) [mutagenic meat]
  5193 | D:8      | Reached XP level 10. HP: 61/86 MP: 8/8
  5224 | D:8      | Reached skill level 9 in Shields
  5233 | D:8      | Found a transporter.
  5241 | D:8      | Found an ancient bone altar of Kikubaaqudgha.
  5257 | D:8      | Found a transporter.
  5294 | D:8      | Noticed a death knight
  5294 | D:8      | Found a basalt altar of Yredelemnul.
  5738 | D:8      | Noticed a two-headed ogre
  5743 | D:8      | Killed a two-headed ogre
  5792 | D:9      | Noticed a two-headed ogre
  5800 | D:9      | Killed a two-headed ogre
  5867 | D:9      | Found Hoodoxtu's Food Boutique.
  6364 | D:10     | Entered Level 10 of the Dungeon
  6987 | D:11     | Noticed a cyclops
  6991 | D:11     | Killed a cyclops
  6991 | D:11     | Reached skill level 10 in Shields
  7043 | D:11     | Noticed a cyclops
  7046 | D:11     | Noticed a cyan ugly thing
  7065 | D:11     | Found a staircase to the Lair.
  7115 | D:11     | Killed a cyclops
  7236 | D:11     | Reached XP level 11. HP: 59/94 MP: 8/8
  7345 | D:11     | Found a frozen archway.
  7366 | IceCv    | Entered an ice cave
  7440 | IceCv    | Reached skill level 11 in Shields
  7453 | IceCv    | Reached **** piety under Trog
  7506 | IceCv    | Reached skill level 10 in Polearms
  8375 | IceCv    | Noticed a frost giant
  8399 | IceCv    | Noticed tidbits's ghost (journeyman DgTm)
  8421 | IceCv    | Killed tidbits's ghost
  8421 | IceCv    | Reached skill level 12 in Shields
  8446 | IceCv    | HP: 2/97 [polar bear (21)]
  8781 | IceCv    | Got a brightly glowing battleaxe
  8835 | IceCv    | Killed a frost giant
  8835 | IceCv    | Reached XP level 12. HP: 15/106 MP: 9/9
  9471 | D:11     | Identified the +6 battleaxe of Contradiction {freeze, Stlth+} (You found it in an ice cave)
  9595 | D:11     | Received a gift from Trog
  9618 | D:11     | Reached skill level 10 in Armour
 10091 | D:11     | Reached skill level 10 in Fighting
 10633 | D:12     | Noticed Urug
 10639 | D:12     | Killed Urug
 10663 | D:12     | Noticed Harold
 10673 | D:12     | Killed Harold
 10726 | D:12     | Reached ***** piety under Trog
 10834 | D:12     | Found a staircase to the Orcish Mines.
 10894 | D:12     | Noticed Nessos
 10923 | D:12     | Shot with an arrow by Nessos

Skill      XL: |  1  2  3  4  5  6  7  8  9 10 11 12 |
---------------+-------------------------------------+-----
Fighting       | 4 5 6 7 8 9 10 | 10.5
Armour         | 4 5 7 9 10 | 10.2
Axes           | 3 4 5 6 9 |  9.3
Shields        | 4 5 7 8 10 12 | 12.9
Maces & Flails | 1 3 4 5 |  5.3
Dodging        | 2 3 4 |  4.5
Stealth        | 1 2 |  2.2
Long Blades    | 2 3 |  3.5
Polearms       | 5 9 11 | 11.4

Action                   |  1- 3 |  4- 6 |  7- 9 | 10-12 || total
-------------------------+-------+-------+-------+-------++-------
Melee: War axe           |    49 |    53 |       |       ||   102
       Headbutt          |    10 |    15 |    65 |   120 ||   210
       Whip              |       |    49 |   135 |       ||   184
       Falchion          |       |       |    62 |       ||    62
       Trident           |       |       |    85 |   400 ||   485
       Mace              |       |       |    47 |       ||    47
       Kick              |       |       |    18 |   195 ||   213
       Battleaxe         |       |       |       |   113 ||   113
Invok: Berserk           |       |       |     1 |     3 ||     4
       Burn Spellbooks   |       |       |     2 |       ||     2
       Trog's Hand       |       |       |       |     4 ||     4
  Use: Scroll            |       |     4 |     6 |     9 ||    19
       Potion            |       |     2 |     3 |    16 ||    21
 Stab: Invisible         |       |     1 |       |       ||     1
  Eat: Bread ration      |       |     1 |     2 |     2 ||     5
       Chunk             |       |       |     9 |     4 ||    13
       Royal jelly       |       |       |       |     2 ||     2
       Meat ration       |       |       |       |     1 ||     1
       Fruit             |       |       |       |     4 ||     4
Armor: Scale mail        |    21 |    40 |    58 |       ||   119
       Chain mail        |       |       |    40 |   177 ||   217
Dodge: Dodged            |    10 |    22 |    91 |   157 ||   280
       Deflected         |       |       |       |    19 ||    19
Block: Shield            |    23 |    45 |   209 |   334 ||   611
       Reflection        |       |       |     4 |    21 ||    25
       Other             |       |       |       |    27 ||    27
       Rpst.: Falchion   |       |       |     7 |       ||     7
